[Event "gameknot.com  marekt's mini-tournament (1.b4 thematic) XXIII"]
[Site "http://gameknot.com/chess.pl?bd=26054791"]
[Date "2017.07.25"]
[Round "-"]
[White "marekt"]
[Black "bolaf"]
[Result "1-0"]
[WhiteElo "2146"]
[BlackElo "2016"]
[TimeControl "259200+86400"]
[Mode "ICS"]
[Termination "normal"]

1. b4 d5 2. Bb2 Qd6 3. a3 a5 4. c4 dxc4 5. Nc3 Nf6 6. b5 Be6 7. Nf3 Nbd7 
8. Na4 Bd5 9. e3 O-O-O 10. Rc1 e5 11. Bxc4 e4 12. Bxf6 Nxf6 13. Nd4 Bxc4 
14. Rxc4 Qxa3 15. O-O Kb8 16. Nc3 Bb4 17. Qb1 Bxc3 18. Rxc3 Qd6 19. Nc6+ Kc8 
20. Nxd8 Rxd8 21. b6 c6 22. d4 exd3  23. Rd1 d2 24. Qf5+ Nd7 25. Qxa5 Qg6 
26. h3 Nb8 27. Qa2 Qe6 28. Qa4 Rd5 29. Rc2 Nd7 30. Qa8+ Nb8 31. Rcxd2 Rxd2 
32. Rxd2 Qe7 33. Qa1 Nd7 34. Qxg7 Nxb6 35. Qxh7 Nc4 36. Qf5+ Qe6 37. Qxe6+ fxe6 
38. Rd1 b5 39. h4  1-0

[Event "gameknot.com  marekt's mini-tournament (1.b4 thematic) XXIII"]
[Site "http://gameknot.com/chess.pl?bd=26060600"]
[Date "2017.06.29"]
[Round "-"]
[White "eric2800"]
[Black "qphys8"]
[Result "0-1"]
[WhiteElo "1895"]
[BlackElo "1939"]
[TimeControl "259200+86400"]
[Mode "ICS"]
[Termination "normal"]

1. b4 d5 2. Bb2 Qd6 3. a3 a5 4. b5 e5 5. e3 Nd7 6. Nf3 e4 7. Nd4 Qg6 8. d3 Ngf6 
9. Nc3 Bd6 10. g3 Ne5 11. Be2 O-O 12. Qd2 Rd8 13. O-O-O c5 14. bxc6 bxc6 
15. f4 exf3  16. Nxf3 Nxf3 17. Bxf3 Rb8 18. Ne2 Bg4 19. Bxg4 Nxg4 20. Nd4 Rb6 
21. h3 Rdb8 22. Nb3 a4 23. hxg4 axb3 24. c3 Qxg4 25. Rh4 Qxg3 26. Rdh1 h6 
27. Rh4h3 Qg6 28. Qf2 Qxd3 29. Rxh6 gxh6 30. c4 Qxc4+  0-1

[Event "gameknot.com  marekt's mini-tournament (1.b4 thematic) XXIII"]
[Site "http://gameknot.com/chess.pl?bd=26072466"]
[Date "2017.07.20"]
[Round "-"]
[White "ilbepi"]
[Black "qphys8"]
[Result "1/2-1/2"]
[WhiteElo "2195"]
[BlackElo "1953"]
[TimeControl "259200+86400"]
[Mode "ICS"]
[Termination "normal"]

1. b4 d5 2. Bb2 Qd6 3. a3 a5 4. Nc3 Nf6 5. e3 e5 6. Nf3 c6 7. Be2 axb4 
8. axb4 Rxa1 9. Qxa1 e4 10. Nd4 Qxb4 11. O-O Be7 12. Rb1 Qd6 13. Qa7 O-O 
14. Na4 Qc7 15. Bc3 Bd6 16. h3 Bh2+ 17. Kh1 b5 18. Qxc7 Bxc7 19. Nc5 Bb6 
20. Bb4 Re8 21. Ra1 Nbd7 22. Nxd7 Bxd7 23. Ra6 Bxd4 24. exd4 h5 25. Bd6 Kh7 
26. Kh2 Kg6 27. Kg3 h4+ 28. Kf4 Nh7 29. Ra7 Bf5 30. Be7 Nf6 31. c3 Be6 
32. Rc7 Rc8 33. Ra7 Rb8  1/2-1/2

[Event "gameknot.com  marekt's mini-tournament (1.b4 thematic) XXIII"]
[Site "http://gameknot.com/chess.pl?bd=26076035"]
[Date "2017.07.14"]
[Round "-"]
[White "objorn"]
[Black "kingsrook3"]
[Result "1-0"]
[WhiteElo "2396"]
[BlackElo "1954"]
[TimeControl "259200+86400"]
[Mode "ICS"]
[Termination "normal"]

1. b4 d5 2. Bb2 Qd6 3. a3 e5 4. e3 Nf6 5. c4 Bg4 6. Qb3 Nc6 7. h3 Bh5 
8. cxd5 Nxd5 9. Be2 Bg6 10. Nf3 Be7 11. b5 Na5 12. Qa4 b6 13. Bxe5 Qd7 
14. Bxg7 Rg8 15. Bb2 c6 16. bxc6  1-0

[Event "gameknot.com  marekt's mini-tournament (1.b4 thematic) XXIII"]
[Site "http://gameknot.com/chess.pl?bd=26076036"]
[Date "2017.07.13"]
[Round "-"]
[White "objorn"]
[Black "marekt"]
[Result "1-0"]
[WhiteElo "2396"]
[BlackElo "2170"]
[TimeControl "259200+86400"]
[Mode "ICS"]
[Termination "normal"]

1. b4 d5 2. Bb2 Qd6 3. a3 e5 4. e3 Nf6 5. c4 c6 6. c5 Qe7 7. d4 e4 8. h3 g6 
9. a4 Bh6 10. b5 O-O 11. Nc3 Qc7 12. Nge2 Nbd7 13. a5 Re8 14. Qd2 Nh5 
15. Nc1 a6 16. bxc6 bxc6 17. Na4 Rb8 18. Nb6 f5 19. g3 Nf8 20. Na2 Ne6 
21. Nb4 Ng5 22. Qc3 Nxg3 23. fxg3 Qxg3+ 24. Kd2 Qf2+ 25. Be2 Nf3+ 26. Kd1 Qg2 
27. Rf1 Re6 28. Bc1 Qxh3 29. Ra2 Bg7 30. Kc2 f4 31. Rd1 Qg3 32. Bxa6 Bxa6 
33. Nxa6 Rb7 34. Nb4 fxe3 35. Bxe3 Qc7 36. a6 Ra7 37. Nb6xd5 cxd5 38. Nxd5 Qf7 
39. c6 Re8 40. Qc4 Nh4 41. Rb1  1-0

[Event "gameknot.com  marekt's mini-tournament (1.b4 thematic) XXIII"]
[Site "http://gameknot.com/chess.pl?bd=26079874"]
[Date "2017.09.08"]
[Round "-"]
[White "ilbepi"]
[Black "objorn"]
[Result "0-1"]
[WhiteElo "2198"]
[BlackElo "2397"]
[TimeControl "259200+86400"]
[Mode "ICS"]
[Termination "normal"]

1. b4 d5 2. Bb2 Qd6 3. a3 a5 4. Nc3 e5 5. e3 Nf6 6. Nf3 c6 7. Be2 e4 8. Nd4 Qd8 
9. O-O axb4 10. axb4 Rxa1 11. Qxa1 Bxb4 12. Ba3 Bxa3 13. Qxa3 Qe7 14. Qa5 Nbd7 
15. Nf5 Qe5 16. Nd4 O-O 17. Qa3 Re8 18. h3 Qg5 19. Qd6 Ne5 20. Kh2 g6 
21. d3 Kg7 22. Rb1 h5 23. dxe4 dxe4 24. Qc7 Ned7 25. Na4 Qe5+ 26. Qxe5 Rxe5 
27. Nb2 Nb6 28. Nd1 Nbd5 29. c4 Nc7 30. Ra1 h4 31. g3 hxg3+ 32. fxg3 Nd7 
33. Nc3 Nc5 34. g4 Nd3 35. Nb3 Na6 36. Kg3 Re8 37. g5 f5 38. gxf6 + Kxf6 
39. Rf1+ Ke5 40. Nd4 Nac5 41. Ra1 Rh8 42. h4 Bd7 43. Ra5 Kd6 44. Ra3 Nc1 
45. Bf1 Nc1d3 46. Ra7 g5 47. hxg5 Rh5 48. Rxb7 Rxg5+ 49. Kh2 Nf2 50. Rb6 Ng4+ 
51. Kg3 Rg6 52. Be2 Nxe3+ 53. Kf2 Ng2 54. Bf1 Ke5 55. Nxc6+ Bxc6 56. Bxg2 e3+ 
57. Kxe3 Rg3+ 58. Bf3 Rxf3+ 59. Ke2 Rf6 60. Ke3 Rh6 61. Nd5 Rg6 62. Nc3 Rg3+ 
63. Kf2 Rg2+ 64. Ke3 Bd7 65. Rh6 Rg3+ 66. Kd2 Nb3+ 67. Kc2 Na5 68. Kb2 Nxc4+ 
69. Kb3 Ne3 70. Rh5+ Bf5 71. Nb5 Rg8 72. Ka4 Rb8 73. Nc3 Kd4 74. Nb5+ Kc5 
75. Na3 Rb4+  0-1

[Event "gameknot.com  marekt's mini-tournament (1.b4 thematic) XXIII"]
[Site "http://gameknot.com/chess.pl?bd=26079875"]
[Date "2017.07.02"]
[Round "-"]
[White "objorn"]
[Black "carlog"]
[Result "1-0"]
[WhiteElo "2397"]
[BlackElo "1839"]
[TimeControl "259200+86400"]
[Mode "ICS"]
[Termination "normal"]

1. b4 d5 2. Bb2 Qd6 3. a3 e5 4. e3 Nf6 5. c4 d4 6. Nf3 Bg4 7. h3 Bxf3 
8. Qxf3 e4 9. c5 Qc6 10. Qf4 d3 11. Bxf6 gxf6 12. Nc3 f5 13. Qe5+ Qe6 
14. Qxh8 Nd7 15. g4 O-O-O 16. Qxh7 Ne5 17. Qxf5 Nf3+ 18. Kd1 Bg7 19. Qxe6+ fxe6 
20. Rc1  1-0

[Event "gameknot.com  marekt's mini-tournament (1.b4 thematic) XXIII"]
[Site "http://gameknot.com/chess.pl?bd=26080150"]
[Date "2017.07.12"]
[Round "-"]
[White "bolaf"]
[Black "qphys8"]
[Result "0-1"]
[WhiteElo "2011"]
[BlackElo "1965"]
[TimeControl "259200+86400"]
[Mode "ICS"]
[Termination "normal"]

1. b4 d5 2. Bb2 Qd6 3. Nc3 e5 4. a3 a5 5. e3 Nf6 6. Be2 c6 7. Nf3 e4 8. Nd4 axb4 
9. axb4 Rxa1 10. Qxa1 Qxb4 11. Nb3 Be7 12. Nb1 Nbd7 13. O-O Qb6 14. d4 exd3  
15. Bxd3 O-O 16. Nb1d2 Qc7 17. Nf3 Re8 18. Rd1 Bd6 19. Bf5 Ne5 20. Bxc8 Nxf3+ 
21. gxf3 Qxc8 22. Bxf6 Qh3 23. f4 Re6 24. Bg5 h6 25. Kh1 hxg5 26. Rg1 Rg6 
27. Rg3 Qf5 28. Qa4 Qxc2 29. Qa8+ Bf8 30. Qxb7 Qxf2 31. Qa6 Rh6 32. Rg2 Qe1+ 
33. Rg1 Qxe3 34. fxg5 Rh3 35. Nd4 Qe4+ 36. Rg2 Qxd4  0-1

[Event "gameknot.com  marekt's mini-tournament (1.b4 thematic) XXIII"]
[Site "http://gameknot.com/chess.pl?bd=26087282"]
[Date "2017.07.02"]
[Round "-"]
[White "eric2800"]
[Black "gluv51"]
[Result "0-1"]
[WhiteElo "1901"]
[BlackElo "2059"]
[TimeControl "259200+86400"]
[Mode "ICS"]
[Termination "normal"]

1. b4 d5 2. Bb2 Qd6 3. a3 e5 4. e3 Nf6 5. Nf3 Nbd7 6. c4 c6 7. Be2 e4 
8. Nd4 dxc4 9. Bxc4 a5 10. Nf5 Qc7 11. b5 Nb6  0-1

[Event "gameknot.com  marekt's mini-tournament (1.b4 thematic) XXIII"]
[Site "http://gameknot.com/chess.pl?bd=26090572"]
[Date "2017.07.09"]
[Round "-"]
[White "carlog"]
[Black "gluv51"]
[Result "0-1"]
[WhiteElo "1827"]
[BlackElo "2063"]
[TimeControl "259200+86400"]
[Mode "ICS"]
[Termination "normal"]

1. b4 d5 2. Bb2 Qd6 3. a3 e5 4. e3 Nf6 5. Nf3 Nbd7 6. d4 e4 7. Ne5 Qe6 
8. c4 c6 9. Be2 Bd6 10. cxd5 cxd5 11. Bb5 O-O 12. Nxd7 Nxd7 13. Nd2 a6 
14. Be2 Nb6 15. O-O Qh6 16. g3 Bd7 17. Qb3 Ba4 18. Qa2 Bb5 19. Bxb5 axb5 
20. Nb3 Bxb4 21. Nc5 Nc4 22. Qb3 Nd2  0-1

[Event "gameknot.com  marekt's mini-tournament (1.b4 thematic) XXIII"]
[Site "http://gameknot.com/chess.pl?bd=26095597"]
[Date "2017.07.07"]
[Round "-"]
[White "carlog"]
[Black "eric2800"]
[Result "1-0"]
[WhiteElo "1863"]
[BlackElo "1893"]
[TimeControl "259200+86400"]
[Mode "ICS"]
[Termination "normal"]

1. b4 d5 2. Bb2 Qd6 3. a3 e5 4. e3 Nf6 5. Nf3 Nbd7 6. d4 e4 7. Ne5 Qe6 
8. c4 c6 9. Nd2 Nxe5 10. dxe5 Nd7 11. cxd5 cxd5 12. Nb3 Nxe5 13. Nd4 Qd6 
14. Nb5 Qb8 15. Qxd5 Nc6 16. Qxe4+ Be6 17. Bc4 Nd8 18. Be5  1-0

[Event "gameknot.com  marekt's mini-tournament (1.b4 thematic) XXIII"]
[Site "http://gameknot.com/chess.pl?bd=26102382"]
[Date "2017.07.16"]
[Round "-"]
[White "objorn"]
[Black "gluv51"]
[Result "1-0"]
[WhiteElo "2414"]
[BlackElo "2074"]
[TimeControl "259200+86400"]
[Mode "ICS"]
[Termination "normal"]

1. b4 d5 2. Bb2 Qd6 3. a3 e5 4. e3 a5 5. c4 dxc4 6. Bxc4 Qc6 7. Bf1 axb4 
8. axb4 Rxa1 9. Bxa1 Bxb4 10. Bxe5 Nf6 11. Nf3 Nbd7 12. Bb2 O-O 13. Be2 Nd5 
14. O-O Nd7b6 15. Ne5 Qh6 16. Na3 Be6 17. Nb5 Ra8 18. e4 Nf4 19. Nxc7 Ra2 
20. Nxe6 Nxe2+ 21. Qxe2 Qxe6 22. Nd3 Nc4 23. Rb1 Ba5 24. Nc5 Qb6 25. Qxc4 Rxb2 
26. Rxb2 Qxb2 27. g3 Bxd2 28. Nd3 Qc3 29. Qd5 h6 30. Ne5 Qc7 31. Nxf7 Qxf7 
32. Qd8+ Kh7 33. Qxd2 b5 34. e5 Qc4 35. Qe1 Qc6 36. e6 Kg8 37. h4 Qe8 
38. Qe5 b4 39. Qd5 Qe7 40. f4 Kf8 41. f5 Kg8 42. Kg2 h5 43. Qd7 Kf8 44. Qc8+ Qe8 
45. Qb7 b3 46. Qb4+ Qe7 47. Qxb3 Qa7 48. Qb2 Qa8+ 49. Kh2 Qd5 50. Qb8+ Ke7 
51. Qc7+ Kf6 52. Qf7+ Ke5 53. Qxh5 Qa2+ 54. Kh3 Qa1 55. Qf7 Qf1+ 56. Kg4 
 1-0

[Event "gameknot.com  marekt's mini-tournament (1.b4 thematic) XXIII"]
[Site "http://gameknot.com/chess.pl?bd=26116515"]
[Date "2017.07.18"]
[Round "-"]
[White "kingsrook3"]
[Black "qphys8"]
[Result "0-1"]
[WhiteElo "1863"]
[BlackElo "2014"]
[TimeControl "259200+86400"]
[Mode "ICS"]
[Termination "time forfeit"]

1. b4 d5 2. Bb2 Qd6 3. Nc3 e5 4. a3 Nf6 5. e3 c6 6. d3 Be7 7. Be2 Bf5 
8. Nf3 Nbd7 9. O-O e4 10. dxe4 Nxe4  0-1

[Event "gameknot.com  marekt's mini-tournament (1.b4 thematic) XXIII"]
[Site "http://gameknot.com/chess.pl?bd=26116889"]
[Date "2017.07.20"]
[Round "-"]
[White "ilbepi"]
[Black "eric2800"]
[Result "1-0"]
[WhiteElo "2210"]
[BlackElo "1887"]
[TimeControl "259200+86400"]
[Mode "ICS"]
[Termination "normal"]

1. b4 d5 2. Bb2 Qd6 3. a3 e5 4. e3 Be6 5. Be2 Nf6 6. c4 dxc4 7. Nf3 Nbd7 
8. Qc2 b5 9. Nc3 c6 10. O-O Qc7 11. Ng5 Be7 12. Nxe6 fxe6 13. d3 cxd3 
14. Bxd3 O-O 15. Nxb5 Qb7 16. Nc3 c5 17. b5 Nb6 18. Ne4 Qc7 19. Nxf6+ 
 1-0

[Event "gameknot.com  marekt's mini-tournament (1.b4 thematic) XXIII"]
[Site "http://gameknot.com/chess.pl?bd=26124012"]
[Date "2017.07.31"]
[Round "-"]
[White "gluv51"]
[Black "qphys8"]
[Result "0-1"]
[WhiteElo "2081"]
[BlackElo "2016"]
[TimeControl "259200+86400"]
[Mode "ICS"]
[Termination "normal"]

1. b4 d5 2. Bb2 Qd6 3. a3 a5 4. Nf3 axb4 5. e3 Nd7 6. Be2 e6 7. O-O Ngf6 
8. Nd4 Qb6 9. f4 c5 10. Nf3 Be7 11. axb4 Rxa1 12. Bxa1 Qxb4 13. Nc3 O-O 
14. Qe1 c4 15. Qg3 Qa5 16. Rb1 b6 17. Nd4 Bb7 18. Ndb5 Ba6 19. Nd4 Qc5 
20. Bb2 Rb8 21. Ra1 Qc8 22. Bf3 Bb7 23. Ncb5 Ra8 24. Na7 Qe8 25. f5 e5 
26. Ndc6 Bxc6 27. Nxc6 Rxa1+ 28. Bxa1 Bd6 29. Qe1 Qa8 30. Nd4 exd4 31. Bxd4 Be5 
32. g3 Qa4 33. Qc1 Bxd4 34. exd4 b5 35. Qb2 b4 36. Kg2 Qa3 37. Qb1 b3 
38. cxb3 cxb3 39. Bd1 b2 40. Bc2 Qa1 41. Kf2 Qa5 42. Ke2 Qb4 43. Qg1 Ne4 
44. Qe3 b1=Q 45. Bxb1 Qxb1 46. g4 Ndf6 47. g5 Ng4 48. Qa3 Qb8 49. Kd1 Nxh2 
50. Kc1 Nf1 51. Qb2 Qxb2+  0-1

[Event "gameknot.com  marekt's mini-tournament (1.b4 thematic) XXIII"]
[Site "http://gameknot.com/chess.pl?bd=26142400"]
[Date "2017.07.20"]
[Round "-"]
[White "carlog"]
[Black "qphys8"]
[Result "0-1"]
[WhiteElo "1849"]
[BlackElo "2027"]
[TimeControl "259200+86400"]
[Mode "ICS"]
[Termination "normal"]

1. b4 d5 2. Bb2 Qd6 3. a3 a5 4. b5 e5 5. e3 Nf6 6. Nf3 Be7 7. d4 exd4 
8. Nxd4 c5 9. bxc6 Nxc6 10. Bb5 O-O 11. c4 dxc4 12. Bxc4 Nxd4 13. Qxd4 Qc6 
14. O-O Rd8 15. Qc3 Be6 16. Bxe6 Qxe6 17. Nd2 Rac8 18. Qxa5 b6 19. Qe5 Rxd2 
20. Qxe6 fxe6 21. Bd4 Nd5  0-1

[Event "gameknot.com  marekt's mini-tournament (1.b4 thematic) XXIII"]
[Site "http://gameknot.com/chess.pl?bd=26142401"]
[Date "2017.07.22"]
[Round "-"]
[White "carlog"]
[Black "bolaf"]
[Result "0-1"]
[WhiteElo "1849"]
[BlackElo "2053"]
[TimeControl "259200+86400"]
[Mode "ICS"]
[Termination "normal"]

1. b4 d5 2. Bb2 Qd6 3. a3 a5 4. b5 e5 5. e3 Nf6 6. Nf3 e4 7. Nd4 c5 8. bxc6 Nxc6 
9. Bb5 Be7 10. c4 O-O 11. cxd5 Qxd5 12. Nc3 Qg5 13. Bf1 Nxd4 14. exd4 Rd8 
15. h4 Qg6 16. Ne2 Bd7 17. Nf4 Qf5 18. g3 Bd6 19. Bh3 Qb5 20. Bxd7 Qxb2 
21. Bh3 Bxf4 22. gxf4 Rxd4  0-1

[Event "gameknot.com  marekt's mini-tournament (1.b4 thematic) XXIII"]
[Site "http://gameknot.com/chess.pl?bd=26145168"]
[Date "2017.07.14"]
[Round "-"]
[White "objorn"]
[Black "eric2800"]
[Result "1-0"]
[WhiteElo "2423"]
[BlackElo "1850"]
[TimeControl "259200+86400"]
[Mode "ICS"]
[Termination "normal"]

1. b4 d5 2. Bb2 Qd6 3. a3 Bf5 4. d3 f6 5. Nc3 e5 6. e4 dxe4 7. dxe4 Qxd1+ 
8. Rxd1 Be6 9. Nb5 Na6 10. f4 c6 11. Nd6+  1-0

[Event "gameknot.com  marekt's mini-tournament (1.b4 thematic) XXIII"]
[Site "http://gameknot.com/chess.pl?bd=26149825"]
[Date "2017.07.24"]
[Round "-"]
[White "eric2800"]
[Black "objorn"]
[Result "0-1"]
[WhiteElo "1850"]
[BlackElo "2432"]
[TimeControl "259200+86400"]
[Mode "ICS"]
[Termination "normal"]

1. b4 d5 2. Bb2 Qd6 3. a3 e5 4. e3 a5 5. b5 Nf6 6. g3 Be7 7. Bg2 O-O 8. Ne2 Nbd7 
9. Nbc3 Re8 10. a4 d4 11. exd4 exd4 12. Ne4 Nxe4 13. Bxe4 Nc5 14. Ba3 Qe5 
 0-1

[Event "gameknot.com  marekt's mini-tournament (1.b4 thematic) XXIII"]
[Site "http://gameknot.com/chess.pl?bd=26153795"]
[Date "2017.07.30"]
[Round "-"]
[White "gluv51"]
[Black "objorn"]
[Result "0-1"]
[WhiteElo "2077"]
[BlackElo "2435"]
[TimeControl "259200+86400"]
[Mode "ICS"]
[Termination "normal"]

1. b4 d5 2. Bb2 Qd6 3. a3 a5 4. Nf3 Nd7 5. Nc3 Ngf6 6. Nb5 Qb6 7. e4 Nxe4 
8. Bd4 Qc6 9. a4 axb4 10. Ne5 Nxe5 11. Bxe5 f6 12. Nxc7+ Kf7 13. Nxa8 fxe5 
14. Bb5 Qc5 15. Qf3+ Nf6 16. Qe3 d4 17. Qd3 Be6 18. f3 g6 19. a5 Bh6 20. Nb6 Kg7 
21. Na4 Qd6 22. Qe2 b3 23. cxb3 e4 24. fxe4 Bxd2+ 25. Qxd2 Nxe4 26. Qd3 Rf8 
27. Rf1 Qb4+ 28. Ke2 Bf5 29. Rab1 Nc3+ 30. Nxc3 Bxd3+ 31. Bxd3 Rxf1 32. Na2 Qxa5 
33. Kxf1 Qxa2 34. Be4 e5 35. h4 Kh6 36. b4 Qc4+ 37. Kf2 d3 38. Ke3 d2 
39. Rd1 Qd4+ 40. Kf3 Kh5 41. b5 Kxh4 42. g3+ Kg5 43. b6 h5 44. Rxd2 Qxd2 
45. Bc6 Qd3+ 46. Kf2 Kg4  0-1

[Event "gameknot.com  marekt's mini-tournament (1.b4 thematic) XXIII"]
[Site "http://gameknot.com/chess.pl?bd=26158881"]
[Date "2017.08.02"]
[Round "-"]
[White "gluv51"]
[Black "marekt"]
[Result "0-1"]
[WhiteElo "2080"]
[BlackElo "2165"]
[TimeControl "259200+86400"]
[Mode "ICS"]
[Termination "normal"]

1. b4 d5 2. Bb2 Qd6 3. a3 e5 4. e3 Nf6 5. Nf3 Nbd7 6. c4 c6 7. cxd5 Nxd5 
8. Qc2 Be7 9. d4 exd4 10. Bxd4 O-O 11. Nbd2 Rd8 12. Be2 c5 13. bxc5 Nxc5 
14. Nb3 Nxb3 15. Qxb3 Bf5 16. O-O Be4 17. Rfd1 Rac8 18. Bd3 Bxf3 19. gxf3 b6 
20. Bf5 Rc7 21. Kh1 g6 22. Be4 Qe6 23. Bb2 Rcd7 24. Rd3 Nf6 25. Qc3 Rxd3 
26. Bxd3 Qh3 27. Be2 Rc8 28. Qd2 Rc5 29. e4 Nh5 30. Rg1 Bf6 31. Bxf6 Nxf6 
32. Rg3 Qc8 33. Bf1 Nh5 34. Rg2 Rc1 35. Rg1 Qc5 36. Qd8+ Kg7 37. Qh4 Rc2 
38. Rg2 Rd2 39. Qg4 Rd1 40. Rg1 Qxf2 41. Qg2 Qd4 42. a4 Nf4 43. Qg3 Qe3 
44. h3 Rd2 45. h4 Rf2 46. h5 Rxf3 47. Qh2 Nxh5 48. Qxh5 Qxg1+ 49. Kxg1 Rxf1+ 
50. Kxf1 gxh5 51. Ke2 Kf6  0-1

[Event "gameknot.com  marekt's mini-tournament (1.b4 thematic) XXIII"]
[Site "http://gameknot.com/chess.pl?bd=26161428"]
[Date "2017.07.29"]
[Round "-"]
[White "carlog"]
[Black "objorn"]
[Result "0-1"]
[WhiteElo "1879"]
[BlackElo "2437"]
[TimeControl "259200+86400"]
[Mode "ICS"]
[Termination "normal"]

1. b4 d5 2. Bb2 Qd6 3. a3 e5 4. e3 a5 5. b5 Nf6 6. Nf3 e4 7. Nd4 Nbd7 
8. c4 dxc4 9. Bxc4 Qc5 10. Qb3 Qh5 11. Nc3 Nc5 12. Qc2 Qg6 13. g3 Bh3 
14. Na4 Nxa4 15. Qxa4 Nd7 16. Qc2 Ne5 17. Be2 Bd6 18. f4 exf3  19. Qxg6 hxg6 
20. Nxf3 Bg2 21. Nxe5 Bxh1 22. Nc4 Rxh2 23. Nxd6+ cxd6 24. Bxg7 Rc8 25. Bc3 Bd5 
 0-1

[Event "gameknot.com  marekt's mini-tournament (1.b4 thematic) XXIII"]
[Site "http://gameknot.com/chess.pl?bd=26163881"]
[Date "2017.08.15"]
[Round "-"]
[White "qphys8"]
[Black "andytop10"]
[Result "0-1"]
[WhiteElo "2033"]
[BlackElo "2024"]
[TimeControl "259200+86400"]
[Mode "ICS"]
[Termination "time forfeit"]

1. b4 d5 2. Bb2 Qd6 3. b5 Qb4 4. Qc1 Qxb5 5. e3 Qb6 6. Nf3 Nf6 7. c4 Bf5 
8. cxd5 Nbd7 9. Nc3 e5 10. dxe6 fxe6  0-1

[Event "gameknot.com  marekt's mini-tournament (1.b4 thematic) XXIII"]
[Site "http://gameknot.com/chess.pl?bd=26164663"]
[Date "2017.07.24"]
[Round "-"]
[White "marekt"]
[Black "ilbepi"]
[Result "1/2-1/2"]
[WhiteElo "2166"]
[BlackElo "2216"]
[TimeControl "259200+86400"]
[Mode "ICS"]
[Termination "normal"]

1. b4 d5 2. Bb2 Qd6 3. a3 Bf5 4. e3 Nf6 5. Nf3 e6 6. c4 Be7 7. cxd5 exd5 
8. Nc3 Nc6 9. Nb5 Qd7 10. Rc1 O-O 11. Ne5 Nxe5 12. Rxc7 Qe6 13. Nd4  1/2-1/2

[Event "gameknot.com  marekt's mini-tournament (1.b4 thematic) XXIII"]
[Site "http://gameknot.com/chess.pl?bd=26167838"]
[Date "2017.08.22"]
[Round "-"]
[White "bolaf"]
[Black "gluv51"]
[Result "1-0"]
[WhiteElo "2080"]
[BlackElo "2094"]
[TimeControl "259200+86400"]
[Mode "ICS"]
[Termination "normal"]

1. b4 d5 2. Bb2 Qd6 3. a3 a5 4. e3 axb4 5. axb4 Rxa1 6. Bxa1 Qxb4 7. Nf3 Nd7 
8. Be2 Ngf6 9. O-O e6 10. d4 Be7 11. Bc3 Qa4 12. Bb2 Nb6 13. Nc3 Qb4 14. Qa1 O-O 
15. Ne5 Bd7 16. Nd3 Qd6 17. Bc1 Nc4 18. Ne5 Nxe5 19. dxe5 Qxe5 20. Bb2 Bd6 
21. g3 Qg5 22. Qd1 Ra8 23. Qd3 c6 24. e4 b5 25. f4 Qg6 26. Kg2 Bb4 27. f5 Qh6 
28. Bc1 g5 29. exd5 exd5 30. h4 Qg7 31. hxg5 Ne8 32. f6 Qg6 33. Qd1 Bf5 
34. Rxf5 Qxf5 35. Bd3 Qe5 36. Qh1 h5 37. Bf4 Qxc3 38. Qxh5 Nxf6 39. gxf6 Qxf6 
40. Be5 Qxe5 41. Qxe5 Bf8 42. Qc7 c5 43. Qd7 Ra1 44. Bxb5 Ra5 45. Be2 Ra2 
46. Bh5 Rxc2+ 47. Kf3 Rc1 48. Qxf7+ Kh8 49. Qxf8+ Kh7 50. Qf7+  1-0

[Event "gameknot.com  marekt's mini-tournament (1.b4 thematic) XXIII"]
[Site "http://gameknot.com/chess.pl?bd=26168481"]
[Date "2017.07.27"]
[Round "-"]
[White "eric2800"]
[Black "ilbepi"]
[Result "0-1"]
[WhiteElo "1839"]
[BlackElo "2219"]
[TimeControl "259200+86400"]
[Mode "ICS"]
[Termination "normal"]

1. b4 d5 2. Bb2 Qd6 3. a3 e5 4. e3 Nf6 5. Nf3 Nbd7 6. c4 e4 7. c5 Qe7 
8. Nd4 c6 9. Be2 Ne5 10. O-O g6 11. a4 Bg7 12. Na3 O-O 13. Rc1 Bg4 14. Bxg4 Nfxg4 
15. f4 Qh4 16. h3 Qg3 17. hxg4 Nxg4  0-1

[Event "gameknot.com  marekt's mini-tournament (1.b4 thematic) XXIII"]
[Site "http://gameknot.com/chess.pl?bd=26169635"]
[Date "2017.09.08"]
[Round "-"]
[White "carlog"]
[Black "ilbepi"]
[Result "0-1"]
[WhiteElo "1874"]
[BlackElo "2214"]
[TimeControl "259200+86400"]
[Mode "ICS"]
[Termination "normal"]

1. b4 d5 2. Bb2 Qd6 3. a3 e5 4. e3 Nf6 5. Nf3 e4 6. Nd4 Be7 7. c4 dxc4 
8. Bxc4 Nc6 9. Nb5 Qd7 10. d4 O-O 11. Nd2 a6 12. Nc3 Qf5 13. Qc2 a5 14. b5 Nxd4 
15. exd4 e3 16. Nde4 exf2+ 17. Kf1 Ng4 18. Qe2 Bg5 19. Nxg5 Qxg5 20. h3 Ne3+ 
21. Kxf2 Qxg2+ 22. Kxe3 Re8+ 23. Kd2 Rxe2+ 24. Nxe2 Bf5 25. Rhg1 Qxh3 
26. Raf1 Re8 27. d5 Re4 28. Bd3 Qe3+ 29. Ke1 Qxd3 30. Rxg7+ Kf8 31. Rxf7+ Kxf7 
 0-1

[Event "gameknot.com  marekt's mini-tournament (1.b4 thematic) XXIII"]
[Site "http://gameknot.com/chess.pl?bd=26180894"]
[Date "2017.08.18"]
[Round "-"]
[White "objorn"]
[Black "bolaf"]
[Result "1-0"]
[WhiteElo "2446"]
[BlackElo "2100"]
[TimeControl "259200+86400"]
[Mode "ICS"]
[Termination "normal"]

1. b4 d5 2. Bb2 Qd6 3. a3 e5 4. e3 Nf6 5. c4 dxc4 6. Bxc4 Qc6 7. Bf1 Bd6 
8. Nf3 Bg4 9. Nc3 O-O 10. Bb5 Qb6 11. Be2 Re8 12. Na4 Qc6 13. Rc1 Qd7 
14. Nc5 Qc8 15. h3 Bxf3 16. Bxf3 Bxc5 17. bxc5 Nc6 18. O-O e4 19. Be2 Ne5 
20. f3 c6 21. f4 Ned7 22. Qb3 Nd5 23. Rc4 b5 24. cxb6 axb6 25. Bg4 b5 
26. Rc2 Qb7 27. Rfc1 Ra6 28. a4 Rb6 29. Bd4 bxa4 30. Qxa4 Ra6 31. Qc4 Nf8 
32. Kh2 Rb6 33. Bxb6  1-0

[Event "gameknot.com  marekt's mini-tournament (1.b4 thematic) XXIII"]
[Site "http://gameknot.com/chess.pl?bd=26185198"]
[Date "2017.09.14"]
[Round "-"]
[White "ilbepi"]
[Black "bolaf"]
[Result "1/2-1/2"]
[WhiteElo "2213"]
[BlackElo "2084"]
[TimeControl "259200+86400"]
[Mode "ICS"]
[Termination "normal"]

1. b4 d5 2. Bb2 Qd6 3. a3 a5 4. Nc3 e5 5. e3 c6 6. Nce2 Nf6 7. Nf3 e4 
8. Nfd4 axb4 9. axb4 Rxa1 10. Qxa1 Qxb4 11. Ng3 Qb6 12. Be2 c5 13. Ndf5 h5 
14. h4 Nbd7 15. O-O g6 16. Rb1 gxf5 17. Bc3 Qd8 18. Ba5 b6 19. Rxb6 Nxb6 
20. Bb5+ Bd7 21. Qe5+ Be7 22. Nxf5 Kf8 23. Bxb6 Qe8 24. Bxd7 Qxd7 25. Nxe7 Qxe7 
26. Bxc5 Qxc5 27. Qxf6 Rh7  1/2-1/2

[Event "gameknot.com  marekt's mini-tournament (1.b4 thematic) XXIII"]
[Site "http://gameknot.com/chess.pl?bd=26196557"]
[Date "2017.08.17"]
[Round "-"]
[White "marekt"]
[Black "objorn"]
[Result "0-1"]
[WhiteElo "2177"]
[BlackElo "2435"]
[TimeControl "259200+86400"]
[Mode "ICS"]
[Termination "normal"]

1. b4 d5 2. Bb2 Qd6 3. a3 a5 4. c4 dxc4 5. Nc3 Nf6 6. b5 e5 7. Rc1 Be6 
8. Nf3 Nbd7 9. e3 Rd8 10. Na4 c6 11. bxc6 Qxc6 12. Bxe5 Bxa3 13. Nd4 Qa6 
14. Bxf6 Nxf6 15. Nxe6 fxe6 16. Rxc4 b5 17. Rd4 Rxd4 18. exd4 Qc6 19. Nc3 O-O 
20. Nxb5 Bb4 21. f3 Rb8 22. Qe2 Qc1+ 23. Kf2 a4 24. Qe1 Qc2 25. Qxe6+ Kh8 
26. Be2 Re8 27. Qc4 Qxd2 28. Ra1 Nd5 29. g3 Bc3 30. Rd1 Qe3+ 31. Kf1 Qe7 
32. Kf2 a3 33. Nxa3 Ne3 34. Qb5 Nxd1+ 35. Bxd1 Bxd4+ 36. Kg2 Rd8 37. Nb1 Qe1 
38. Qe2 Re8 39. Qd3 Qf2+ 40. Kh3 Re1 41. Qf5 Qf1+ 42. Kg4 Re8  0-1